 Dungeon Crawl Stone Soup version 0.29.1-12-g30fa7ad0bf (webtiles) character file.

Game seed: 8578625827591590438

337 booth the Ducker (level 6, -3/46 HPs)
             Began as a Demonspawn Gladiator on Dec 22, 2022.
             Slain by a gnoll
             ... wielding a +1 whip of venom
              (8 damage)
             ... on level 5 of the Dungeon on Dec 23, 2022.
             The game lasted 00:31:06 (4757 turns).

booth the Ducker (Demonspawn Gladiator)             Turns: 4757, Time: 00:31:07

Health: -3/46      AC:  5    Str: 16    XL:     6   Next: 28%
Magic:  6/6        EV: 13    Int:  9    God:
Gold:   291        SH:  0    Dex: 15    Spells: 5/5 levels left

rFire   + . .      SeeInvis .   e - +2 flail (protect)
rCold   . . .      Faith    .   (no shield)
rNeg    . . .      Spirit   .   b - +0 leather armour
rPois   .          Reflect  .   c - +0 helmet
rElec   .          Harm     .   (no cloak)
rCorr   .          Rampage  .   l - +0 pair of gloves
Will    .....                   (no boots)
Stlth   +.........              (no amulet)
HPRegen 0.15/turn               o - ring of protection from fire
MPRegen 0.10/turn               (no ring)

@: lethally poisoned (-3 -> -10)
A: hooves 1, weakness stinger 1, demonic touch 2
a: no special abilities


You were on level 5 of the Dungeon.
You visited 1 branch of the dungeon, and saw 5 of its levels.

You collected 291 gold pieces.

Inventory:

Hand Weapons
 a - a +1 war axe of protection
 e - a +2 flail of protection (weapon)
 h - a +0 quarterstaff
 p - a +0 trident of protection
Missiles
 d - 3 throwing nets
 t - a javelin (quivered)
 x - 4 curare-tipped darts
 y - 3 boomerangs
Armour
 b - a +0 leather armour (worn)
 c - a +0 helmet (worn)
 l - a +0 pair of gloves (worn)
 s - a +0 scale mail
Jewellery
 j - a ring of protection from fire
 o - a ring of protection from fire (left hand)
Wands
 n - a wand of flame (5)
Scrolls
 u - a scroll of magic mapping
 z - a scroll of amnesia {unknown}
Potions
 f - 2 potions of curing
 g - 2 potions of attraction
 k - 3 potions of heal wounds
 m - 2 potions of brilliance {unknown}
 q - a potion of mutation {unknown}
 r - a potion of berserk rage {unknown}
 w - 2 potions of might {unknown}


   Skills:
 + Level 2.5 Fighting
 * Level 3.3(4.0) Axes
 - Level 1.5(2.6) Maces & Flails
 - Level 2.6(3.4) Polearms
 + Level 2.0 Throwing
 + Level 2.4 Armour
 + Level 3.5 Dodging
 + Level 1.0 Stealth


You had 5 spell levels left.
You didn't know any spells.
Your spell library contained the following spells:

 Spells                   Type           Power      Damage    Failure   Level
 Ozocubu's Armour         Ice            0%         N/A       82%         3
 Ozocubu's Refrigeration  Ice            0%         4d7       100%        7


Dungeon Overview and Level Annotations

Branches:
Dungeon (5/15)
 Temple: D:4-7

Altars:
Dithmenos
Fedhas
Nemelex Xobeh
Qazlal
Ru
Sif Muna
Uskayaw
Yredelemnul

Shops:
D:5 (


Innate Abilities, Weirdness & Mutations

You have large cloven feet.
You have a small tail.
Your touch may inflict irresistible damage on your foes.


Message History

You hit the gnoll.
Your weapon exudes an aura of protection.
The gnoll is lightly wounded.
You feel sick. The gnoll closely misses you.
You sock the gnoll!
The gnoll is almost dead.
You feel sick. The gnoll barely misses you. The gnoll hits you with a +0 club.
You sock the gnoll!
You kill the gnoll!
You feel sick.
The gnoll hits you from afar with a +2 spear of venom.
The adder bites you but does no damage.
You hit the adder. You kick the adder.
Your tail-slap misses the adder.
The adder is moderately wounded.
You feel sick. The adder barely misses you.
The gnoll hits you from afar with a +2 spear of venom.
You are more poisoned.
You closely miss the adder. You kick the adder, but do no damage.
The adder is moderately wounded.
You feel very sick. The adder misses you.
The gnoll hits you from afar with a +2 spear of venom.
* * * LOW HITPOINT WARNING * * *
You are lethally poisoned!
The adder closely misses you.
You barely miss the adder. You kick the adder.
You tail-slap the adder, but do no damage.
You touch the adder.
You kill the adder!
* * * LOW HITPOINT WARNING * * *
You feel very sick. The gnoll completely misses you.
The gnoll barely misses you. The gnoll closely misses you.
You barely miss the gnoll. Your kick misses the gnoll. You tail-slap the gnoll.
You touch the gnoll!
The gnoll is almost dead.
* * * LOW HITPOINT WARNING * * *
You feel very sick.
The gnoll hits you with a +1 whip of venom!
You die...

.........................
................#####....
................# #....
................# #####
................#
................#
................#
......#.........#
.....##@######## .....
#g## #....#g.########
#..........$#
####.../.##.# ##)......#
#....._...# #.#._..._.#
#..........#


You could see 2 gnolls.

Vanquished Creatures
  A phantom (D:4)
  A scorpion (D:5)
  An iguana (D:4)
  An orc wizard (D:4)
  A gnoll (D:5)
  6 adders
  A worm (D:2)
  2 dart slugs
  5 orcs
  4 endoplasms
  2 giant cockroaches
  7 goblins
  7 hobgoblins
  13 jackals
  A quokka (D:4)
  6 ball pythons
  8 bats
  4 frilled lizards
  6 kobolds
  5 rats
82 creatures vanquished.

Notes
Turn   | Place    | Note
-------+----------+-------------------------------------------
     0 | D:1      | booth the Demonspawn Gladiator began the quest for the Orb.
     0 | D:1      | Reached XP level 1. HP: 16/16 MP: 1/1
   506 | D:1      | Found a faded altar of an unknown god.
   578 | D:1      | Discovered your monstrous ancestry.
   578 | D:1      | Gained mutation: You have a small tail. [demonic ancestry]
   578 | D:1      | Reached XP level 2. HP: 20/22 MP: 2/2
  1390 | D:2      | Reached XP level 3. HP: 12/27 MP: 3/3
  1855 | D:2      | Reached skill level 1 in Polearms
  2107 | D:2      | Gained mutation: You have large cloven feet. [demonic
                  | ancestry]
  2107 | D:2      | Reached XP level 4. HP: 32/33 MP: 4/4
  2250 | D:2      | Found a basalt altar of Yredelemnul.
  2637 | D:3      | Reached skill level 1 in Armour
  2883 | D:3      | Found a shadowy altar of Dithmenos.
  3322 | D:3      | Found a sparkling altar of Nemelex Xobeh.
  3368 | D:3      | Found a hide-covered altar of Uskayaw.
  3549 | D:4      | Gained mutation: Your touch may inflict minor irresistible
                  | damage on your foes. [demonic ancestry]
  3549 | D:4      | Reached XP level 5. HP: 20/39 MP: 5/5
  3977 | D:4      | Found a sacrificial altar of Ru.
  3999 | D:4      | Noticed a phantom
  4007 | D:4      | Killed a phantom
  4008 | D:4      | Reached skill level 1 in Maces & Flails
  4641 | D:5      | Entered Level 5 of the Dungeon
  4641 | D:5      | Found Yty Arur's Weapon Boutique.
  4651 | D:5      | Reached skill level 1 in Stealth
  4651 | D:5      | Gained mutation: Your touch may inflict irresistible damage
                  | on your foes. [demonic ancestry]
  4651 | D:5      | Reached XP level 6. HP: 40/46 MP: 6/6
  4718 | D:5      | Identified the ring of Harmony {rN+ Will+ Str+6 Dex-2 SInv}
  4731 | D:5      | Found a shimmering blue altar of Sif Muna.
  4732 | D:5      | Found a stormy altar of Qazlal.
  4736 | D:5      | Found a blossoming altar of Fedhas.
  4757 | D:5      | Slain by a gnoll

Illustrated notes

Levels and vault maps discovered:
D:1:      doesnt_arrival_eight_statues, layout_loops_ring,
          basic_ecumenical_altar, minmay_misc_feat_five
D:2:      minmay_chambers_of_twos, layout_basic, basic_altar
D:3:      layout_loops_corners, mainiacjoe_overflow_two_lobes,
          grunt_dithmenos_smoke, hangedman_feature_mirror
D:4:      layout_basic, nicolae_overflow_crystal_walls
D:5:      layout_rooms, grunt_temple_overflow_open, serial_shops,
          nicolae_stop_n_shop_2, nicolae_shop_self_help

Skill      XL: |  1  2  3  4  5 |
---------------+----------------+-----
Axes           | 3 |  3.3
Throwing       | 2 |  2.0
Dodging        | 3 |  3.5
Polearms       | 1 2 |  2.6
Armour         | 1 2 |  2.4
Maces & Flails | 1 |  1.5
Stealth        | 1 |  1.0
Fighting       | |  2.5

Action                   |  1- 3 |  4- 6 || total
-------------------------+-------+-------++-------
Melee: War axe           |    20 |       ||    20
       Punch             |     1 |     1 ||     2
       Trident           |    81 |    84 ||   165
       Tailslap          |     6 |     9 ||    15
       Kick              |       |    25 ||    25
       Flail             |       |    37 ||    37
       Touch             |       |    11 ||    11
Throw: Javelin           |     1 |     1 ||     2
  Use: Scroll            |     7 |     6 ||    13
Armor: Leather armour    |    41 |    34 ||    75
Dodge: Dodged            |    56 |    87 ||   143
